AoeStats
← The Red-Shanked Duke

Arabia

509565265Analyzed
1v1 RM · 4d ago on Sep 27, 2026· 64m 8s· 2 players
Game mode
Random Map
Map size
Tiny (2 player)
Population
200
Speed
Normal
Resources
Standard
Victory
Conquest
Starting age
Dark Age
Ending age
Imperial Age
RankedLock teamsTeams togetherTeam positionsShared explorationLock speedFull tech treeHidden civsTurbo modeCheats
Victory
Defeat
🇦🇷 Inca · Argentina
1143
+17
🇲🇹 Franks · Malta
1161
-17
The Red-Shanked Duke
8:13 Loom
9:59 Feudal Age
10:56 Double-Bit Axe
16:02 Castle Age
13:52 Horse Collar
15:03 Scale Mail Armor
15:40 Gold Mining
17:20 Bow Saw
17:27 Squires
20:10 Heavy Plow
20:02 Stone Mining
23:09 Forging
23:15 Chain Mail Armor
23:54 Pikeman
26:13 Elite Skirmisher
26:45 Fletching
28:41 Bodkin Arrow
29:55 Iron Casting
34:04 Imperial Age
32:29 Wheelbarrow
33:00 Thumb Ring
33:20 Andean Sling
34:46 Hand Cart
35:08 Conscription
35:02 Bracer
38:29 Plate Mail Armor
38:59 Blast Furnace
40:21 Crop Rotation
39:33 Elite Kamayuk
40:42 Town Watch
45:58 Fabric Shields
46:00 Padded Archer Armor
47:56 Town Patrol
49:05 Ballistics
49:46 Chemistry
49:32 Leather Archer Armor
BugMaster
5:37 Loom
10:55 Feudal Age
11:41 Double-Bit Axe
14:14 Forging
21:40 Castle Age
19:48 Gold Mining
21:31 Fletching
22:04 Padded Archer Armor
22:51 Bodkin Arrow
23:12 Leather Archer Armor
22:49 Light Cavalry
28:23 Husbandry
34:22 Wheelbarrow
38:21 Imperial Age
38:34 Cranequins
41:11 Chemistry
42:37 Heavy Mounted Crossbowman
43:44 Ordonnance Companies
44:44 Conscription
45:55 Treadmill Crane
48:36 Cavalier
49:45 Bow Saw
50:17 Scale Barding Armor
50:48 Iron Casting
53:39 Hand Cart
59:24 Elite Skirmisher
Connection lost

Rejoining the realm…

Still unreachable

The connection could not be restored.

Session expired

The server has moved on; the page needs a fresh start.